 Dungeon Crawl Stone Soup version 0.29-a0-284-gf9362112df (webtiles) character file.

Game seed: 9595182171134895706

19153 enile the Fighter (level 12, -1/106 HPs)
             Began as a Demigod Air Elementalist on Mar 30, 2022.
             Constricted to death by a naga (5 damage)
             ... on level 3 of the Lair of Beasts.
             The game lasted 00:24:19 (21405 turns).

enile the Fighter (Demigod Air Elementalist)       Turns: 21405, Time: 00:24:20

Health: -1/106     AC: 10    Str:  9    XL:     12   Next: 7%
Magic:  3/26       EV: 19    Int: 33    God:
Gold:   645        SH:  0    Dex: 20    Spells: 12/25 levels left

rFire   + . .      SeeInvis .   r - +4 scimitar (flame)
rCold   + . .      Faith    .   (no shield)
rNeg    . . .      Spirit   .   a - +2 robe {rC+ rF+}
rPois   .          Reflect  .   (no helmet)
rElec   .          Harm     .   (no cloak)
rCorr   .          Rampage  .   v - +2 pair of gloves
Will    +....                   Y - +2 pair of boots
Stlth   +++.......              t - amulet of the acrobat
HPRegen 0.27/turn               P - +6 ring of dexterity
MPRegen 0.20/turn               X - +4 ring of evasion

@: lethally poisoned (-1 -> -5), flying, constricted
A: high MP 1, forlorn, divine attributes
a: no special abilities


You were on level 3 of the Lair of Beasts.
You visited 2 branches of the dungeon, and saw 14 of its levels.

You collected 645 gold pieces.

Inventory:

Hand Weapons
 r - a +4 scimitar of flaming (weapon)
 G - a +2 long sword of freezing
 M - a +4 scimitar
Missiles
 e - 3 throwing nets
Armour
 a - a +2 robe of resistance (worn)
 v - a +2 pair of gloves (worn)
 S - the +1 robe of Wief {rN+ Str+3}
   (You found it on level 9 of the Dungeon)

   Str:       It affects your strength (+3).
   rN:        It protects you from negative energy.
 T - a +1 troll leather armour
 Y - a +2 pair of boots (worn)
Jewellery
 j - a ring of protection from cold
 o - a +6 ring of dexterity
 t - an amulet of the acrobat (around neck)
 C - a ring of fire
 P - a +6 ring of dexterity (left hand)
 X - a +4 ring of evasion (right hand)
Wands
 u - a wand of flame (11) (quivered)
 z - a wand of paralysis (1)
 A - a wand of mindburst (14)
 N - a wand of digging (14)
 Q - a wand of acid (18)
Scrolls
 d - a scroll of brand weapon
 f - 2 scrolls of blinking
 i - 8 scrolls of teleportation
 l - 2 scrolls of identify
 m - 2 scrolls of fear
 n - a scroll of magic mapping
 q - 3 scrolls of torment
 s - a scroll of fog {unknown}
 w - 2 scrolls of immolation
 y - 2 scrolls of noise {unknown}
 F - 3 scrolls of amnesia {unknown}
 H - 2 scrolls of enchant armour
 O - a scroll of vulnerability
 U - a scroll of summoning {unknown}
 V - a scroll of enchant weapon {unknown}
Potions
 b - 2 potions of magic
 c - a potion of heal wounds {unknown}
 g - 3 potions of curing {unknown}
 h - 6 potions of brilliance {unknown}
 k - 2 potions of degeneration {unknown}
 p - 6 potions of flight
 x - 2 potions of might {unknown}
 B - a potion of haste {unknown}
 D - a potion of ambrosia {unknown}
 E - 3 potions of mutation {unknown}
 I - 4 potions of lignification {unknown}
 K - a potion of attraction {unknown}
 L - a potion of cancellation {unknown}
 R - 3 potions of invisibility {unknown}
 W - a potion of berserk rage {unknown}


   Skills:
 - Level 10.0 Fighting
 - Level 2.0 Long Blades
 + Level 8.3 Dodging
 - Level 3.0 Stealth
 - Level 7.0 Spellcasting
 - Level 0.8 Conjurations
 - Level 4.0 Hexes
 - Level 3.0 Fire Magic
 - Level 8.0 Air Magic
 - Level 7.0 Evocations


You had 12 spell levels left.
You knew the following spells:

 Your Spells              Type           Power      Damage    Failure   Level
a - Shock                 Conj/Air       100%       1d9       1%          1
b - Static Discharge      Conj/Air       40%        N/A       1%          2
c - Airstrike             Air            29%        N/A       1%          4
d - Inner Flame           Hex/Fire       34%        N/A       2%          3
e - Swiftness             Air            59%        N/A       1%          3

Your spell library contained the following spells:

 Spells                   Type           Power      Damage    Failure   Level
 Foxfire                  Conj/Fire      96%        2x1d8     1%          1
 Slow                     Hex            100%       N/A       1%          1
 Confusing Touch          Hex            37%        N/A       2%          3
 Tukima's Dance           Hex            37%        N/A       2%          3
 Summon Small Mammal      Summ           44%        N/A       3%          1
 Summon Guardian Golem    Hex/Summ       24%        N/A       4%          3
 Conjure Flame            Conj/Fire      24%        6-21      5%          3
 Sublimation of Blood     Necr           11%        N/A       6%          2
 Wereblood                Tmut           11%        N/A       6%          2
 Call Canine Familiar     Summ           11%        N/A       12%         3
 Vampiric Draining        Necr           11%        2d6       12%         3
 Flame Wave               Conj/Fire      24%        2d7       17%         4
 Passage of Golubria      Tloc           11%        N/A       36%         4
 Yara's Violent Unravell  Hex/Tmut       12%        3d7       43%         5
 Summon Hydra             Summ           5%         N/A       100%        7


Dungeon Overview and Level Annotations

Branches:
Dungeon (11/15)            Temple (0/1) D:6            Lair (3/6) D:9
  Snake (0/4) Lair:3          Orc (0/2) D:10
  Swamp: Lair:2-4    Shoals: Lair:2-4

Shops:
D:8 (

Annotations:
D:4 3 runed translucent doors, Galileo's ghost, amateur DsAK


Innate Abilities, Weirdness & Mutations

You have an increased reservoir of magic. (+10% MP)
You shall have no god before yourself.
Your divine heritage dramatically boosts your attributes as you level up.


Message History

The naga is heavily wounded.
The naga is struck by an arc of lightning.
The naga is moderately wounded.
The lightning grounds out.
The naga is struck by an arc of lightning.
The naga is almost dead.
The naga is struck by an arc of lightning!
The naga is severely wounded.
The naga is struck by an arc of lightning.
The naga is moderately wounded.
The lightning grounds out.
You feel sick. The naga hits you with a +0 flail!! The naga barely misses you.
The naga constricts you. The naga misses you.
You feel sick. The naga barely misses you. The naga closely misses you.
The naga constricts you. The naga completely misses you.
Casting: Static Discharge (safe; 1% risk of failure)
Confirm with . or Enter, or press ? or * to list all spells.
The naga is struck by an arc of lightning.
The naga is almost dead.
You are struck by an arc of lightning.
The naga is struck by an arc of lightning.
You kill the naga!
The naga is struck by an arc of lightning.
The naga is almost dead.
The lightning grounds out.
You feel sick. The naga hits you but does no damage.
The naga spits poison at you.
The splash of poison hits you but does no damage.
You are more poisoned.
The naga constricts you.
You feel sick. The naga barely misses you.
The naga hits you with a +0 short sword!
* * * LOW HITPOINT WARNING * * *
The naga constricts you.
* * * LOW HITPOINT WARNING * * *
It was a potion of flight.
You feel very buoyant.
You fly up into the air.
You feel sick. The naga barely misses you.
The naga hits you with a +0 short sword!
* * * LOW HITPOINT WARNING * * *
The naga constricts you.
You die...

#########
#)NN)...##
#@#..N...#
###.#.#.#...#
#...#N.......
###.#.#.#.#..
#..#.......
##.#.. #.>.#
##P.##.. ....
##....##. #.#
#PP...# #. ..


You could see 2 nagas.

Vanquished Creatures
  Harold (D:9)
  Erica (Lair:1)
  3 two-headed ogres
  Nergalle (Lair:1)
  Maurice (D:8)
  3 elephants (Lair:2)
  3 black mambas
  A gargoyle (D:11)
  3 cane toads
  Maggie (D:9)
  2 komodo dragons
  A kobold demonologist (D:11)
  2 hornets
  2 trolls
  2 wraiths
  5 wyverns
  2 shadows
  12 yaks
  4 basilisks
  6 steam dragons
  4 nagas (Lair:3)
  3 acid dragons
  8 water moccasins
  An ice beast (D:7)
  6 black bears
  4 orc warriors
  5 centaurs
  A phantom (D:7)
  A kobold brigand (D:9)
  9 bullfrogs
  5 scorpions
  A gnoll sergeant (D:8)
  10 wights
  9 killer bees
  4 electric eels
  A howler monkey (D:9)
  A hound (D:4)
  2 jellies (D:5)
  7 orc priests
  A gnoll shaman (D:5)
  7 orc wizards
  5 iguanas
  Ijyb (D:4)
  7 gnolls
  6 adders
  A shadow imp (D:7)
  A white imp (D:8)
  2 ufetubi
  A worm (D:5)
  22 orcs
  4 endoplasms
  2 goblins
  13 hobgoblins
  2 jackals (D:2)
  A quokka (D:5)
  7 ball pythons
  10 bats
  9 frilled lizards
  5 kobolds
  9 rats
  A spectral goblin (D:2)
255 creatures vanquished.

Vanquished Creatures (others)
  An angel (D:3)
  2 orcs (D:10)
  32 fungi
  35 plants
  2 withered plants (D:8)
72 creatures vanquished.

Grand Total: 327 creatures vanquished

Notes
Turn   | Place    | Note
-------+----------+-------------------------------------------
     0 | D:1      | enile the Demigod Air Elementalist began the quest for the
                  | Orb.
     0 | D:1      | Reached XP level 1. HP: 14/14 MP: 5/5
   226 | D:1      | Reached skill level 1 in Fighting
   488 | D:1      | Reached XP level 2. HP: 23/23 MP: 5/7
   847 | D:1      | Reached skill level 2 in Fighting
  1391 | D:2      | Learned a level 2 spell: Static Discharge
  1800 | D:2      | Reached XP level 3. HP: 30/30 MP: 5/8
  2376 | D:3      | Reached skill level 3 in Fighting
  2712 | D:3      | Noticed an angel
  2740 | D:3      | Found a transporter.
  2857 | D:3      | Found a transporter.
  2883 | D:3      | Reached XP level 4. HP: 38/38 MP: 8/10
  3446 | D:3      | Learned a level 3 spell: Swiftness
  3841 | D:3      | Killed an angel
  3889 | D:3      | Reached skill level 1 in Evocations
  3889 | D:3      | Reached XP level 5. HP: 8/45 MP: 12/12
  4327 | D:4      | Noticed a black bear
  4338 | D:4      | Killed a black bear
  4527 | D:4      | Found a runed translucent gate.
  4528 | D:4      | Found a runed translucent gate.
  4528 | D:4      | Found a runed translucent gate.
  4528 | D:4      | Noticed Galileo's ghost (amateur DsAK)
  4544 | D:4      | Reached XP level 6. HP: 48/51 MP: 10/13
  4588 | D:4      | Noticed an acid dragon
  4925 | D:4      | Noticed Ijyb
  4926 | D:4      | Paralysed by Ijyb for 6 turns
  4938 | D:4      | Paralysed by Ijyb for 5 turns
  4947 | D:4      | Killed Ijyb
  5610 | D:5      | Entered Level 5 of the Dungeon
  6125 | D:5      | Found the +2 cloak of the Thief {*Fog Slay-2 SInv Stlth+}
  6162 | D:5      | Reached XP level 7. HP: 56/57 MP: 6/14
  7151 | D:5      | Learned a level 4 spell: Airstrike
  7543 | D:6      | Reached skill level 5 in Air Magic
  8034 | D:6      | Found a staircase to the Ecumenical Temple.
  8343 | D:7      | Reached XP level 8. HP: 63/63 MP: 13/15
  8369 | D:7      | Reached skill level 5 in Dodging
  8963 | D:7      | Reached skill level 4 in Fighting
  9642 | D:8      | Reached skill level 5 in Fighting
  9745 | D:8      | Noticed Maurice
  9764 | D:8      | Killed Maurice
  9765 | D:8      | Reached skill level 6 in Fighting
  9765 | D:8      | Reached XP level 9. HP: 57/75 MP: 1/16
 10578 | D:8      | Found Doonayrch's Antique Weapon Boutique.
 10640 | D:8      | Reached skill level 5 in Spellcasting
 10787 | D:9      | Identified the +1 robe of Wief {rN+ Str+3}
 10939 | D:9      | Noticed a two-headed ogre
 11054 | D:8      | Killed a two-headed ogre
 11055 | D:8      | Reached skill level 7 in Fighting
 11646 | D:9      | Reached skill level 8 in Fighting
 11646 | D:9      | Reached skill level 1 in Hexes
 12055 | D:9      | Identified the +1 hunting sling of the Witching Eel {venom,
                  | Fragile rF+++ rC+++ Will-}
 12064 | D:8      | Reached XP level 10. HP: 86/88 MP: 1/21
 12280 | D:9      | Noticed Harold
 12833 | D:9      | Noticed Maggie
 12850 | D:9      | Killed Maggie
 12880 | D:9      | HP: 4/88 [Harold/+0 long sword (14)]
 13289 | D:9      | Learned a level 3 spell: Inner Flame
 13296 | D:9      | Killed Harold
 13810 | D:9      | Found a staircase to the Lair.
 14567 | D:9      | Reached skill level 5 in Evocations
 15115 | D:10     | Entered Level 10 of the Dungeon
 15495 | D:10     | Noticed a two-headed ogre
 15577 | D:10     | Killed a two-headed ogre
 15578 | D:10     | Reached XP level 11. HP: 94/94 MP: 3/25
 15998 | D:10     | Found a staircase to the Orcish Mines.
 16255 | D:11     | Noticed a two-headed ogre
 16259 | D:11     | Killed a two-headed ogre
 16777 | D:11     | Paralysed by a hornet for 2 turns
 17639 | Lair:1   | Entered Level 1 of the Lair of Beasts
 18033 | Lair:1   | Noticed Nergalle
 18282 | Lair:1   | Killed Nergalle
 18924 | Lair:1   | Noticed Erica
 18934 | Lair:1   | Killed Erica
 19173 | Lair:1   | Reached skill level 9 in Fighting
 20347 | Lair:2   | Reached skill level 10 in Fighting
 20975 | Lair:2   | Reached XP level 12. HP: 97/106 MP: 13/26
 21386 | Lair:3   | Found a staircase to the Snake Pit.
 21405 | Lair:3   | HP: 4/106 [naga/+0 short sword (15)]
 21405 | Lair:3   | Constricted to death by a naga

Illustrated notes

Levels and vault maps discovered:
D:1:      scummos_arrival_simple_fountains, layout_basic, minmay_quantized
D:2:      layout_loops_ring, dreamdust_ecumenical_altar_drowned_temple
D:3:      gammafunk_steamed_eel, layout_loops_cross,
          grunt_temple_overflow_order_and_chaos_1, lemuel_doored_altar,
          nicolae_hepliaklqana_hazy_memory, mainiacjoe_overflow_chevrons,
          lemuel_crystal_altar
D:4:      layout_loops_ring, gammafunk_ghost_split, uniq_ijyb
D:5:      layout_basic
D:6:      layout_rooms, lemuel_temple_firewalk_a
D:7:      layout_cave_pods
D:8:      layout_rooms, mainiacjoe_overflow_24_doors,
          grunt_temple_overflow_growth_and_decay, serial_shops, shop,
          uniq_maurice
D:9:      layout_small_grid, general_overflow_altar, grunt_temple_overflow_open,
          minmay_lair_entry_grove, dreamdust_mushroom_princess,
          minmay_alternating_orb, uniq_maggie, uniq_harold
D:10:     layout_basic, orc_0_dummy
D:11:     layout_cross, grunt_ministairs_4, serial_bayou_ford_a
Lair:1:   layout_long_grid, uniq_erica, uniq_nergalle
Lair:2:   wander_river, layout_gridlike
Lair:3:   nzn_winding_woodlands_medium [nzn_winding_woodlands_5x5_default,
          nzn_winding_woodlands_5x15_default,
          nzn_winding_woodlands_5x5_checkerboard,
          nzn_winding_woodlands_5x5_closed_star,
          nzn_winding_woodlands_center_pierced_h,
          nzn_winding_woodlands_hourglass, nzn_winding_woodlands_5x5_perimeter,
          nzn_winding_woodlands_5x15_concentric,
          nzn_winding_woodlands_5x5_three], layout_hall_layers,
          minmay_snake_entry_guardpost_large, st_stairs_10, worms_lemuel

Skill      XL: |  1  2  3  4  5  6  7  8  9 10 11 12 |
---------------+-------------------------------------+-----
Fighting       | 1 2 3 6 8 10 | 10.0
Spellcasting   | 2 3 5 7 |  7.0
Evocations     | 1 3 4 6 7 |  7.0
Air Magic      | 4 6 7 8 |  8.0
Dodging        | 3 4 5 7 8 |  8.3
Stealth        | 2 3 |  3.0
Hexes          | 3 4 |  4.0
Fire Magic     | 2 3 |  3.0
Long Blades    | 2 |  2.0
Conjurations   | |  0.8

Action                   |  1- 3 |  4- 6 |  7- 9 | 10-12 || total
-------------------------+-------+-------+-------+-------++-------
Melee: Unarmed           |    10 |       |       |       ||    10
       Trident           |    31 |    14 |       |       ||    45
       Scimitar          |       |    13 |     9 |    18 ||    40
       Punch             |       |     1 |     1 |     3 ||     5
       Long sword        |       |       |    76 |    76 ||   152
Throw: Throwing net      |       |       |     2 |     3 ||     5
 Cast: Shock             |    96 |    60 |    79 |    34 ||   269
       Static Discharge  |     4 |    22 |    17 |    10 ||    53
       Swiftness         |       |     1 |     4 |     2 ||     7
       Airstrike         |       |       |    80 |   203 ||   283
       Inner Flame       |       |       |       |    21 ||    21
Evoke: Wand              |       |     8 |     4 |    12 ||    24
  Use: Scroll            |     2 |     3 |       |     8 ||    13
       Potion            |       |       |       |     1 ||     1
 Stab: Paralysed         |       |     2 |       |       ||     2
       Held in net/web   |       |       |       |     3 ||     3
       Sleeping          |       |       |       |     1 ||     1
Armor: Robe              |    10 |     9 |    26 |    34 ||    79
Dodge: Dodged            |    47 |    44 |   128 |   278 ||   497

Table legend: (Time is in decaauts)
 A = Elapsed time spent in this place.
 B = Non-inter-level travel time spent in this place.
 C = Inter-level travel time spent in this place.
 D = Time resting spent in this place.
 E = Time spent auto-exploring this place.
 F = Levels seen in this place.
 G = Mean time per level.
                   A        B        C        D        E       F      G
               +--------+--------+--------+--------+--------+-----+--------+
         Total |  21551 |  21033 |    518 |   2100 |  16776 |  14 | 1539.4 |
       Dungeon |  17931 |  17501 |    430 |   2100 |  13600 |  11 | 1630.1 |
          Lair |   3620 |   3532 |     88 |      0 |   3175 |   3 | 1206.7 |
               +--------+--------+--------+--------+--------+-----+--------+

Top non-repeatable levels by time:
     D:8: 3377 daAuts
     D:9: 2269 daAuts
  Lair:1: 1974 daAuts
     D:3: 1942 daAuts
     D:7: 1592 daAuts
     D:5: 1556 daAuts
  Lair:2: 1535 daAuts
    D:10: 1471 daAuts
     D:4: 1356 daAuts
     D:2: 1260 daAuts
     D:1: 1067 daAuts
     D:6: 1033 daAuts
    D:11: 1004 daAuts
  Lair:3: 110 daAuts
